cohdb
Replays
Latest Replays
All Replays
Popular Replays
Top Player Replays
Match Explorer
How It Works
Community
CoH3 Stats
Reddit
Sign in to upload your games and track your stats! →
Sign in with Steam
Match 43546258
Unlisted
Match 43546258
Overview
Messages
Build Orders
End
Kradschützen Motorcycle Team
Panzergrenadier Squad
Selects Italian Infantry
Panzergrenadier Squad
Construct Light Support Kompanie
Assault Grenadier Squad
Selects Defensive Operations
Fire Support Elements
2.5-tonne Medical Truck
Veteran Squad Leaders
Assault Mechanized Group
Selects Guastatori Squad
Construct Panzerarmee Kommand
Guastatori Squad
Selects Registered Artillery
Panzer III L Medium Tank
Registered Artillery
Panzerpioneer Squad
Armored Reserves
Registered Artillery
Selects Territory Booby Traps
Walking Stuka Rocket Launcher
Panzer IV Assault Group
Dimitrie 5645
旧日支配者
Mr. Flibble
ßoo
Tactical Nuclear Cow
KoreanLiberationArmy
0
0
Comments
sign in to comment!
No comments posted yet!